 Dungeon Crawl Stone Soup version 0.19.4-8-ga85b6b9 (console) character file.

57 itsmu the Digger (level 4, -1/30 HPs)
             Began as a Formicid Earth Elementalist on Feb 8, 2017.
             Slain by a jackal (2 damage)
             ... on level 2 of the Dungeon.
             The game lasted 00:05:53 (1696 turns).

itsmu the Digger (Formicid Earth Elementalist)      Turns: 1696, Time: 00:05:54

Health: -1/30      AC:  2    Str: 12    XL:     4   Next: 18%
Magic:  0/9        EV: 12    Int: 16    God:
Gold:   52         SH:  0    Dex: 11    Spells: 2 memorised, 6 levels left

rFire  . . .     SeeInvis +     b - 23 stones
rCold  . . .     Gourm    .     c - +0 robe
rNeg   . . .     Faith    .     (no shield)
rPois  .         Spirit   .     (helmet unavailable)
rElec  .         Reflect  .     (no cloak)
rCorr  .         Harm     .     (no gloves)
MR     .....                    (no boots)
Stlth  ++........               (no amulet)
                                (no ring)
                                (no ring)

@: no status effects
A: permanent stasis, dig shafts and tunnels, four strong arms, antennae 3
a: Dig, Shaft Self


You were on level 2 of the Dungeon.
You were not hungry.

You visited 1 branch of the dungeon, and saw 2 of its levels.

You collected 52 gold pieces.

Inventory:

Hand Weapons
 a - a +0 dagger of freezing
   (You found it on level 1 of the Dungeon)
 w - a +0 dagger of holy wrath
   (You took it off a goblin on level 1 of the Dungeon)
Missiles
 b - 23 stones (in hand)
 g - 26 bolts
 j - 18 sling bullets
Armour
 c - a +0 robe (worn)
Books
 e - a book of Geomancy

   Spells                             Type                      Level
   a - Sandblast                      Earth                        1
   b - Passwall                       Transmutation/Earth          2
   c - Stone Arrow                    Conjuration/Earth            3
   d - Petrify                        Transmutation/Earth          4
   e - Lee's Rapid Deconstruction     Earth                        5
Comestibles
 d - a bread ration
 h - a beef jerky


   Skills:
 - Level 1.7 Dodging
 - Level 2.4 Stealth
 + Level 3.5 Spellcasting
   Level 1.1 Transmutations
 + Level 4.6 Earth Magic


You had 6 spell levels left.
You knew the following spells:

 Your Spells              Type           Power        Failure   Level  Hunger
a - Sandblast             Erth           ###...       3%          1    None
b - Stone Arrow           Conj/Erth      ##....       21%         3    ###....


Dungeon Overview and Level Annotations

Branches:
Dungeon (2/15)

Altars:
Hepliaklqana


Innate Abilities, Weirdness & Mutations

You are under a permanent stasis effect.
You can dig through walls and to a lower floor.
Your four strong arms can wield two-handed weapons with a shield.
You have a pair of large antennae on your head. (SInv)


Message History

The rocky blast misses the jackal.
The jackal barely misses you. The jackal barely misses you.
There is a stone staircase leading down here.
The jackal completely misses you.
You climb downwards.
There is a stone staircase leading up, spattered with blood here.
The jackal bites you but does no damage. x2
The jackal closely misses you. x2
Casting: Sandblast
Confirm with . or Enter, or press ? or * to list all spells.
Aiming: Sandblast
Press: ? - help, Shift-Dir - straight line, f - jackal
Aim: a jackal The rocky blast hits the jackal.
You kill the jackal!
The jackal bites you.
* * * LOW HITPOINT WARNING * * *
Found 2 fizzy golden potions.
The jackal bites you.
You die...

# ##.....## ...
#.#.......#....
#.#.......#h.!.
....._{....#.#
##.#.......# #.#
#..#...{...# #.#
#..##.)...# .#.#
#..####.####.#M#
#............#h#
#..........###.#
#...........##.#
#.........#.##.#
#..............###.#
#..................#
##.....#.†.....###.#
#.....#..<....#


You could see a jackal.

Vanquished Creatures
  2 dart slugs
  3 leopard geckos (D:1)
  7 bats (D:1)
  6 giant cockroaches (D:1)
  4 hobgoblins (D:1)
  5 jackals
  2 frilled lizards (D:1)
  5 goblins
  5 kobolds
  8 rats (D:1)
47 creatures vanquished.

Notes
Turn   | Place    | Note
-------+----------+-------------------------------------------
     0 | D:1      | itsmu the Formicid Earth Elementalist began the quest for the Orb.
     0 | D:1      | Reached XP level 1. HP: 13/13 MP: 3/3
   243 | D:1      | Reached XP level 2. HP: 19/19 MP: 2/5
   330 | D:1      | Reached skill level 4 in Earth Magic
   526 | D:1      | Reached XP level 3. HP: 24/24 MP: 7/7
   531 | D:1      | Learned a level 3 spell: Stone Arrow
  1631 | D:2      | Found a hazy altar of Hepliaklqana.
  1636 | D:2      | Reached XP level 4. HP: 30/30 MP: 5/9
  1694 | D:2      | HP: 1/30 [jackal (3)]
  1696 | D:2      | Slain by a jackal

Skill      XL: |  1  2  3 |
---------------+----------+-----
Earth Magic    | 4 |  4.6
Spellcasting   | 3 |  3.5
Dodging        | |  1.7
Stealth        | |  2.4
Transmutations | |  1.1

Action                   |  1- 3 |  4- 6 || total
-------------------------+-------+-------++-------
Melee: Dagger            |   130 |    10 ||   140
 Cast: Sandblast         |    31 |    10 ||    41
       Stone Arrow       |       |     1 ||     1
 Abil: Dig               |     1 |     1 ||     2
  Use: Scroll            |       |     4 ||     4
 Stab: Sleeping          |     7 |       ||     7
  Eat: Chunk             |     3 |       ||     3
Armor: Robe              |    41 |     5 ||    46
Dodge: Dodged            |   111 |    36 ||   147
